 Dungeon Crawl Stone Soup version 0.25-a0-578-gc91f01c39c (webtiles) character file.

Game seed: 12750210756494747315, levelgen mode: deterministic

18 EriolAelfwine the Ducker (level 2, 0/20 HPs)
             Began as a Merfolk Fire Elementalist on Mar 7, 2020.
             Slain by a quokka (1 damage)
             ... on level 1 of the Dungeon.
             The game lasted 00:02:46 (845 turns).

EriolAelfwine the Ducker (Merfolk Fire Elementalist) Turns: 845, Time: 00:02:47

Health: 0/20       AC:  3    Str:  8    XL:     2   Next: 70%
Magic:  0/5        EV: 13    Int: 14    God:
Gold:   56         SH:  0    Dex: 14    Spells: 4/5 levels left

rFire    . . .     SeeInvis .   d - +0 dagger
rCold    . . .     Gourm    .   (no shield)
rNeg     . . .     Faith    .   a - +0 robe
rPois    .         Spirit   .   i - +0 helmet
rElec    .         Reflect  .   (no cloak)
rCorr    .         Harm     .   (no gloves)
MR       .....                  (no boots)
Stlth    ++........             (no amulet)
HPRegen  0.06/turn              (no ring)
MPRegen  0.09/turn              (no ring)

@: lethally poisoned (0 -> -8), very slightly contaminated
A: change form in water, swift swim, stealthy swim
a: no special abilities


You were on level 1 of the Dungeon.
You were not hungry.

You visited 1 branch of the dungeon, and saw 2 of its levels.

You collected 56 gold pieces.

Inventory:

Hand Weapons
 d - a +0 dagger (weapon)
Armour
 a - a +0 robe (worn)
 i - a +0 helmet (worn)
Jewellery
 j - a cursed ring of attention {unknown}
Scrolls
 b - 2 scrolls of identify {unknown}
 e - a scroll of teleportation {unknown}
 f - a scroll of remove curse {unknown}
 l - a scroll of enchant armour {unknown}
Potions
 g - 2 potions of cancellation {unknown}
 k - a potion of curing {unknown}
Comestibles
 c - 3 rations
 h - a chunk of flesh


   Skills:
 + Level 0.9 Fighting
 + Level 3.1 Dodging
 - Level 2.1 Stealth
 + Level 2.2 Spellcasting
 + Level 1.1 Conjurations
 + Level 2.3 Fire Magic


You had 4 spell levels left.
You knew the following spells:

 Your Spells              Type           Power        Failure   Level  Hunger
a - Foxfire               Conj/Fire      #...         12%         1    #......

Your spell library contained the following spells:

 Spells                   Type           Power        Failure   Level  Hunger
 Conjure Flame            Conj/Fire      #.......     34%         3    ###....
 Inner Flame              Hex/Fire       #.......     41%         3    ###....
 Sticky Flame             Conj/Fire      #.......     75%         4    #####..
 Fireball                 Conj/Fire      #.........   97%         5    ######.


Dungeon Overview and Level Annotations

Branches:
Dungeon (2/15)

Altars:


Message History

You closely miss the adder.
The adder is heavily wounded.
The adder bites you.
* * * LOW HITPOINT WARNING * * *
You are lethally poisoned!
The adder poisons you! The quokka barely misses you.
You barely miss the adder.
The adder is heavily wounded.
* * * LOW HITPOINT WARNING * * *
You feel sick. The adder bites you.
* * * LOW HITPOINT WARNING * * *
The quokka bites you but does no damage.
The adder barely misses you.
Unknown command.
You hit the adder but do no damage.
The adder is heavily wounded.
* * * LOW HITPOINT WARNING * * *
You feel sick. The quokka closely misses you. The adder barely misses you.
The quokka bites you.
You die...

#####.....# #.#
..........# #.#
.#####....# #.#
.### #....# #.#
...# #....# #.#
#### #....# #.#
##....# #.#
#####.....######S#
..........'....r@#
..........########
#####.....#
#####...###
...##...#
........#
........#
...###..#
######..#


You could see an adder and a quokka.

Vanquished Creatures
  A dart slug (D:1)
  A leopard gecko (D:1)
  2 hobgoblins (D:1)
  A bat (D:1)
  A frilled lizard (D:1)
  3 goblins (D:1)
  4 kobolds
  5 rats
18 creatures vanquished.

Vanquished Creatures (others)
  36 foxfires
36 creatures vanquished.

Grand Total: 54 creatures vanquished

Notes
Turn   | Place    | Note
-------+----------+-------------------------------------------
     0 | D:1      | EriolAelfwine the Merfolk Fire Elementalist began the quest
                  | for the Orb.
     0 | D:1      | Reached XP level 1. HP: 13/13 MP: 3/3
   294 | D:1      | Reached skill level 1 in Conjurations
   294 | D:1      | Reached XP level 2. HP: 16/20 MP: 0/5
   388 | D:1      | Reached skill level 3 in Dodging
   845 | D:1      | HP: 1/20 [poisoned by an adder]
   845 | D:1      | Slain by a quokka

Levels and vault maps discovered:
D:1:      dpeg_arrival_rooms_with_view, layout_basic, serial_glass,
          glass_columns_b, glass_columns_b, due_unseen_surprise,
          feat_on_display, minivault_23, minmay_shallow_snake_nest
D:2:      layout_loops_ring

Skill      XL: |  1  2 |
---------------+-------+-----
Conjurations   | 1 |  1.1
Dodging        | 3 |  3.1
Fighting       | |  0.9
Stealth        | |  2.1
Spellcasting   | |  2.2
Fire Magic     | |  2.3

Action                   || total
-------------------------++-------
Melee: Dagger            ||    25
 Cast: Foxfire           ||    31
 Stab: Sleeping          ||     1
Armor: Robe              ||     3
Dodge: Dodged            ||    37

Table legend:
 A = Non-vault XP
 B = Vault XP
 C = Vault XP percentage of total XP
 D = Non-vault monster count
 E = Vault monster count
 F = Vault count percentage of total count
                 A         B        C        D         E       F
            +---------+---------+-------+---------+---------+-------
      Total |      25 |       2 |   7.4 |      16 |       2 |  11.1
            +---------+---------+-------+---------+---------+-------
        D:1 |      23 |       2 |   8.0 |      14 |       2 |  12.5
        D:2 |       2 |       0 |   0.0 |       2 |       0 |   0.0
            +---------+---------+-------+---------+---------+-------
